 Dungeon Crawl Stone Soup version 0.31.0-9-g3a7656b989 (webtiles) character file.

Game seed: 10519480326338774192

220688 Kenran the Executioner (level 19, -1/135 HPs)
             Began as a Gargoyle Berserker on Jan 27, 2024.
             Was a High Priest of Trog.
             Killed from afar by Nikola (71 damage)
             ... with an arc of chain lightning
             ... on level 4 of the Swamp.
             The game lasted 01:04:48 (39164 turns).

Kenran the Executioner (Gargoyle Berserker)        Turns: 39164, Time: 01:04:49

Health: -1/135     AC: 42    Str: 35    XL:     19   Next: 18%
Magic:  19/19      EV:  9    Int:  8    God:    Trog [*****.]
Gold:   1990       SH:  9    Dex: 12    Spells: 18/18 levels left

rFire   . . .        J - +9 broad axe of Fate {elec, rC+}
rCold   + + .        Z - +0 kite shield {reflect}
rNeg    + . .        U - +3 plate armour {Will+}
rPois   ∞            X - +0 helmet {SInv}
rElec   +            W - +0 cloak {rCorr}
rCorr   +            A - +0 pair of fencer's gloves {Riposte Dex+3}
SInv    +            V - +1 pair of boots {rampage}
Will    ++...        v - amulet of faith {!P} Stlth
                     h - +6 ring of strength
HPRegen 0.42/turn    P - ring of protection from cold
MPRegen 0.16/turn

%: reflection, rampage, faith
@: flying
A: sickness immunity, AC +14, big wings, negative energy resistance 1,
electricity resistance, torment resistance 1, petrification resistance,
MP-powered wands
}: 1/15 runes: gossamer
a: Renounce Religion, Berserk, Trog's Hand, Brothers in Arms


You were on level 4 of the Swamp.
You worshipped Trog.
Trog was extremely pleased with you.
You visited 5 branches of the dungeon, and saw 30 of its levels.
You also visited: Sewer and Ice Cave.

You collected 3623 gold pieces.
You spent 1633 gold pieces at shops.

Inventory:

Hand Weapons
 a - a +2 heavy broad axe
 r - the +1 morningstar "Zeghasot" {freeze, rPois}
   (You found it on level 2 of the Lair of Beasts)

   rPois:     It protects you from poison
 J - the +9 broad axe of Fate (weapon) {elec, rC+}
   (You found it on level 14 of the Dungeon)

   rC+:       It protects you from cold.
 Q - a +2 executioner's axe of flaming
Missiles
 g - 4 throwing nets (quivered)
 s - 51 poisoned darts
 I - 9 curare-tipped darts
Armour
 A - the +0 pair of fencer's gloves (worn) {Riposte Dex+3}
   (You acquired it on level 7 of the Dungeon)

   Riposte:   It allows the wearer to riposte with melee weapons, swiftly
   retaliating against missed or blocked melee attacks.
   Dex+3:     It affects your dexterity (+3).
 U - a +3 plate armour of willpower (worn)
 V - a +1 pair of boots of rampaging (worn)
 W - a +0 cloak of preservation (worn)
 X - a +0 helmet of see invisible (worn)
 Z - a +0 kite shield of reflection (worn)
Jewellery
 h - a +6 ring of strength (left hand)
 v - an amulet of faith (around neck) {!P}
 M - a +4 ring of slaying
 P - a ring of protection from cold (right hand)
 S - a ring of willpower
Wands
 w - a wand of roots (43)
 z - a wand of flame (58)
 B - a wand of acid (27)
 C - a wand of polymorph (28)
 K - a wand of charming (24)
 L - a wand of mindburst (28)
Scrolls
 b - a scroll of silence
 i - 3 scrolls of immolation {!r}
 k - 4 scrolls of fear
 m - 8 scrolls of teleportation
 n - 5 scrolls of fog
 q - 6 scrolls of poison
 y - 7 scrolls of identify {@r1}
 D - 7 scrolls of revelation
 E - 6 scrolls of enchant armour
 R - a scroll of blinking
 T - a scroll of brand weapon
Potions
 c - 7 potions of attraction {!q}
 d - 11 potions of ambrosia
 e - 8 potions of curing {@q1}
 f - 9 potions of mutation {!q}
 j - 3 potions of lignification {!q}
 l - 3 potions of enlightenment
 p - 6 potions of brilliance
 t - 3 potions of resistance
 u - 5 potions of cancellation
 x - 8 potions of magic
 F - 4 potions of haste
 G - 5 potions of heal wounds {@q2}
 H - 4 potions of berserk rage {!q}
 N - 5 potions of might
Miscellaneous
 O - a sack of spiders
 Y - a condenser vane


   Skills:
 - Level 20.0 Fighting
 + Level 21.9 Axes
 - Level 16.0 Armour
 - Level 2.0 Dodging
 - Level 6.0 Shields
 - Level 5.4 Evocations


You had 18 spell levels left.
You didn't know any spells.
Your spell library was empty.

Dungeon Overview and Level Annotations

Branches:
Dungeon (15/15)            Temple (0/1) D:4            Lair (5/5) D:10
  Swamp (4/4) Lair:2       Spider (4/4) Lair:3        Slime (0/5) Lair:4
    Orc (2/2) D:11            Elf (0/3) Orc:2        Vaults (0/5) D:13
 Depths (0/4) D:15          Sewer (visited)           IceCv (visited)

Altars:
Dithmenos
Gozag
Uskayaw

Shops:
D:4 *   D:8 :   D:12 (   D:14 [   Orc:2 =*[(

Annotations:
Lair:1 exclusion: downstairs
Swamp:3 3 runed translucent doors, PanSaczeczos's ghost, adept VSNe
Swamp:4 Nikola


Innate Abilities, Weirdness & Mutations

You are immune to sickness and miasma.
Your stone body is resilient. (AC +14)
You are immune to poison.
Your large and strong wings let you fly.
You resist negative energy. (rN+)
You are resistant to electric shocks. (rElec)
You are resistant to unholy torment.
You are immune to petrification.
You expend magic power (3 MP) to strengthen your wands.


Message History

Nikola blinks!
Nikola mumbles some strange words.
Nikola blinks!
Nikola gestures wildly while chanting.
Nikola blinks!
You slice Nikola!!
Nikola is lightly wounded.
Nikola hits you with a +2 rapier of electrocution.
You hit Nikola.
Nikola is lightly wounded.
You closely miss Nikola.
Nikola is lightly wounded.
Nikola casts a spell.
Lightning arcs from Nikola's hands!
The bolt of lightning hits you!!! You resist.
A bolt of lightning appears from out of thin air!
The bolt of lightning hits Nikola!
You hear a roar!
You hear a deafening roar!
You hear a roar! x8
You are too injured to fight recklessly!
You are too injured to fight recklessly!
You slice Nikola!!
Nikola is moderately wounded.
Nikola casts a spell.
Nikola blinks!
You are too injured to fight recklessly!
You rampage towards Nikola!
Nikola mumbles some strange words.
Nikola blinks!
You rampage towards Nikola!
You slice Nikola!!
Nikola is heavily wounded.
Nikola hits you but does no damage.
You slice Nikola!!
Nikola is severely wounded.
You closely miss Nikola.
Nikola is severely wounded.
Nikola gestures wildly while chanting.
Lightning arcs from Nikola's hands!
The bolt of lightning hits you!!! You resist.
Ouch! That really hurt!
You die...

#~~~(~♣♣♣~~~§~~~.
##~§~~~.♣♣..?.†)~.
♣♣~~~~~~~♣~....~♣†.
##~~~..~~~~..~~~~~.~
##~~~.♣~.~~.♣♣♣~~~§~.
##~~~.......♣♣♣[~~~~~~
.##~..).~~.♣♣♣~~♣.~~~~~~
~.....?~§~~.♣♣.♣♣♣~..~~~
.♣....@@~~~~♣♣~~♣~..~~§~
♣~♣♣♣♣.§..~♣~..~~.~~~~~
♣ ♣........~~.......
♣~~.......~♣♣~♣♣♣♣
♣♣♣♣♣♣♣♣♣♣♣♣♣♣♣


You could see Nikola.

Vanquished Creatures
  Mara (Swamp:4)
  A thorn hunter (Swamp:2)
  Aizul (Lair:2)
  Donald (Swamp:1)
  A fenstrider witch (Swamp:1)
  5 ghost moths
  6 emperor scorpions
  Louise (D:15)
  4 broodmothers
  The ghost of Wikhletrio the Severer, a journeyman GrBe of Trog (D:14)
  A stone giant (D:15)
  6 eleionomae
  4 spark wasps
  Azrael (D:14)
  3 bunyips
  An ettin (Orc:2)
  2 fire dragons
  2 entropy weavers
  Fannar (D:10)
  A catoblepas (D:13)
  11 alligators
  4 vault guards (D:13)
  2 ghost crabs
  6 centaur warriors
  A radroach (Lair:3)
  15 hydras
  3 boulder beetles
  3 ogre magi
  3 jorogumos
  10 two-headed ogres
  9 demonic crawlers
  A tengu warrior (D:14)
  4 death yaks
  An orc high priest (Orc:2)
  2 skysharks
  6 skeletal warriors
  8 pharaoh ants
  2 goliath frogs
  2 death drakes (Swamp:4)
  4 spriggan druids
  An arcanist (D:13)
  3 swamp dragons
  11 steelbarb worms
  4 bog bodies
  10 orb spiders
  A lindwurm (Lair:5)
  3 sun moths
  5 orc knights
  2 orc sorcerers
  2 deep elf pyromancers
  3 moths of wrath
  A manticore (D:15)
  5 oklob plants
  22 wolf spiders
  2 will-o-the-wisps
  Maurice (Orc:1)
  12 meliai
  14 ugly things
  6 cyclopes
  25 elephants
  8 black mambas
  3 ice statues (IceCv)
  A kobold blastminer (Orc:2)
  Joseph (D:7)
  A gargoyle (D:9)
  10 torpor snails
  A guardian serpent (Lair:5)
  15 cane toads
  Maggie (D:7)
  11 komodo dragons
  2 kobold demonologists (D:10)
  5 rime drakes
  2 efreet
  5 trolls
  A freezing wraith (IceCv)
  20 hornets
  A bloated husk (Swamp:4)
  23 tarantellas
  18 tyrant leeches
  22 blink frogs
  10 slime creatures
  6 dream sheep (Lair:5)
  21 culicivoras
  A centaur simulacrum (D:14)
  Sigmund (D:3)
  22 jumping spiders
  16 wyverns
  2 shadows
  12 spriggans
  3 fire elementals (D:14)
  2 dire elephant simulacra (IceCv)
  35 yaks
  2 wraiths
  10 basilisks
  2 steam dragons
  6 wargs
  14 swamp worms
  16 vampire mosquitoes
  Edmund (D:5)
  50 redbacks
  Menkaure (D:4)
  Duvessa (D:6)
  4 acid dragons
  5 hell hounds (D:14)
  22 water moccasins
  25 orc warriors
  5 swamp drakes
  6 black bears
  An ice beast (D:8)
  A sky beast (D:6)
  15 ogres
  19 wolves
  8 centaurs
  A phantom (D:5)
  12 bullfrogs
  12 kobold brigands
  6 scorpions
  7 wights
  A cane toad simulacrum (IceCv)
  Dowan (D:6)
  5 killer bees (D:9)
  4 howler monkeys
  3 electric eels
  A bombardier beetle (D:2)
  2 jellies (D:6)
  2 hounds
  5 gnoll boudas
  19 orc priests
  3 iguanas
  4 sleepcaps
  16 orc wizards
  2 polar bear simulacra (IceCv)
  2 wolf simulacra (IceCv)
  28 gnolls
  13 adders
  8 river rats
  2 white imps
  10 ribbon worms
  63 orcs
  7 ball pythons
  11 endoplasms
  6 giant cockroaches
  12 goblins
  10 hobgoblins
  3 jackals (D:1)
  19 kobolds
  5 quokkas
  8 bats
  4 frilled lizards
  10 rats
1097 creatures vanquished.

Vanquished Creatures (collateral kills)
  An emperor scorpion (Spider:4)
  A ghost moth (Spider:4)
  An orc warlord (Orc:2)
  A spark wasp (Spider:4)
  An orc knight (Orc:2)
  An orc sorcerer (Orc:2)
  A will-o-the-wisp (Swamp:2)
  3 hornets (Spider:4)
  2 orc warriors (Orc:2)
  2 orc priests (Orc:2)
  An orc (Orc:2)
15 creatures vanquished.

Vanquished Creatures (others)
  2 slime creatures (D:14)
  A redback (Spider:4)
  An orc warrior (Orc:2)
  An orc (D:15)
  15 foxfires
20 creatures vanquished.

Grand Total: 1132 creatures vanquished

Notes
Turn   | Place    | Note
-------+----------+-------------------------------------------
     0 | D:1      | Kenran the Gargoyle Berserker began the quest for the Orb.
     0 | D:1      | Reached XP level 1. HP: 14/14 MP: 1/1
    51 | D:1      | Reached skill level 3 in Axes
   151 | D:1      | Reached XP level 2. HP: 19/19 MP: 2/2
   311 | D:1      | Reached XP level 3. HP: 19/23 MP: 3/3
   357 | D:1      | Reached ** piety under Trog
   672 | D:2      | Reached skill level 4 in Axes
   967 | D:2      | You fall into a shaft and drop 2 floors!
  1058 | D:4      | Gained mutation: You expend magic power (3 MP) to
                  | strengthen your wands. [potion of mutation]
  1065 | D:4      | Reached XP level 4. HP: 19/28 MP: 4/4
  1203 | D:4      | Found a staircase to the Ecumenical Temple.
  1206 | D:4      | Reached skill level 5 in Axes
  1211 | D:4      | Reached XP level 5. HP: 31/32 MP: 5/5
  1240 | D:4      | Noticed Menkaure
  1240 | D:4      | Noticed an ogre
  1266 | D:4      | Killed Menkaure
  1267 | D:4      | Reached XP level 6. HP: 26/37 MP: 6/6
  1377 | D:4      | Reached skill level 6 in Axes
  1733 | D:4      | Reached skill level 7 in Axes
  1836 | D:4      | Reached XP level 7. HP: 41/41 MP: 7/7
  1959 | D:3      | Found a faded altar of an unknown god.
  2611 | D:2      | Reached *** piety under Trog
  3130 | D:3      | Noticed Sigmund
  3149 | D:3      | Killed Sigmund
  3150 | D:3      | Reached skill level 8 in Axes
  3188 | D:3      | Found a shadowy altar of Dithmenos.
  3400 | D:4      | Found Qaczido's General Store.
  3416 | D:4      | Bought a scroll of identify for 20 gold pieces
  3774 | D:5      | Entered Level 5 of the Dungeon
  3780 | D:5      | Reached XP level 8. HP: 30/46 MP: 8/8
  3915 | D:5      | Noticed Edmund
  3924 | D:5      | Killed Edmund
  3925 | D:5      | Reached skill level 9 in Axes
  4130 | D:5      | Found a glowing drain.
  4143 | Sewer    | Entered a sewer
  4323 | Sewer    | Reached **** piety under Trog
  4380 | Sewer    | Reached skill level 10 in Axes
  4675 | Sewer    | Reached skill level 5 in Fighting
  4723 | Sewer    | Reached XP level 9. HP: 54/54 MP: 9/9
  5458 | D:6      | Reached skill level 5 in Armour
  5762 | D:6      | Noticed Duvessa
  5762 | D:6      | Noticed Dowan
  5775 | D:6      | Killed Dowan
  5778 | D:6      | Killed Duvessa
  5909 | D:6      | Reached skill level 1 in Evocations
  6027 | D:6      | Reached ***** piety under Trog
  6568 | D:7      | Noticed Joseph
  6585 | D:7      | Killed Joseph
  6586 | D:7      | Reached XP level 10. HP: 52/60 MP: 10/10
  6684 | D:7      | Noticed Maggie
  6708 | D:7      | Reached skill level 11 in Axes
  6723 | D:7      | Killed Maggie
  7272 | D:7      | Reached skill level 12 in Axes
  7415 | D:7      | Identified a scroll of acquirement
  7417 | D:7      | Acquired the +0 pair of fencer's gloves {Riposte Dex+3}
  7417 | D:7      | Found the +0 pair of fencer's gloves {Riposte Dex+3}
  7896 | D:8      | Found Quigip's Self-Published Books.
  8076 | D:8      | Noticed a two-headed ogre
  8928 | D:9      | Reached XP level 11. HP: 57/68 MP: 11/11
  9025 | D:9      | Reached skill level 13 in Axes
  9849 | D:9      | Found an opulent altar of Gozag.
 10084 | D:10     | Entered Level 10 of the Dungeon
 10360 | D:10     | Found a staircase to the Lair.
 10588 | D:10     | Reached skill level 14 in Axes
 11084 | D:11     | Noticed Fannar
 11167 | D:10     | Killed Fannar
 11268 | D:11     | Noticed a centaur warrior
 11277 | D:11     | Killed a centaur warrior
 11430 | D:11     | Reached ****** piety under Trog
 11661 | D:11     | Noticed a soul eater
 11665 | D:11     | Noticed a sixfirhy
 11768 | D:10     | Received a gift from Trog
 12050 | D:11     | Found a staircase to the Orcish Mines.
 12340 | Lair:1   | Entered Level 1 of the Lair of Beasts
 12375 | Lair:1   | Reached XP level 12. HP: 37/76 MP: 12/12
 13076 | Lair:1   | Reached skill level 10 in Fighting
 13335 | Lair:1   | Reached skill level 15 in Axes
 13424 | Lair:1   | Received a gift from Trog
 13617 | Lair:2   | Noticed a seven-headed hydra
 13853 | Lair:2   | Noticed an eleionoma
 13932 | Lair:2   | Killed an eleionoma
 13933 | Lair:2   | Reached skill level 10 in Armour
 14028 | Lair:2   | Found a staircase to the Swamp.
 14238 | Lair:2   | Reached XP level 13. HP: 78/82 MP: 13/13
 14311 | Lair:2   | Reached skill level 16 in Axes
 14342 | Lair:2   | HP: 5/123 [wyvern (12)]
 14710 | Lair:2   | Identified the +1 morningstar "Zeghasot" {freeze, rPois}
 15524 | Lair:2   | Identified the death talisman "Mutz" {Int+5}
 15831 | Lair:3   | Found a frozen archway.
 15839 | Lair:3   | Received a gift from Trog
 15919 | IceCv    | Entered an ice cave
 16685 | Lair:3   | Found a hole to the Spider Nest.
 16718 | Lair:3   | Reached skill level 5 in Evocations
 18745 | Lair:5   | Entered Level 5 of the Lair of Beasts
 18754 | Lair:4   | Gained mutation: Your large and strong wings let you fly.
                  | [Gargoyle growth]
 18754 | Lair:4   | Reached XP level 14. HP: 84/90 MP: 14/14
 18976 | Lair:5   | Received a gift from Trog
 19263 | Lair:5   | Reached skill level 17 in Axes
 20210 | Lair:5   | Received a gift from Trog
 20776 | Lair:5   | Reached skill level 18 in Axes
 20776 | Lair:5   | Reached XP level 15. HP: 80/100 MP: 15/15
 21630 | Lair:5   | Identified the +0 cloak "Uckis" {Str+3}
 22743 | D:12     | Found Cenaicka's Weapon Emporium.
 23345 | D:13     | Found a gate to the Vaults.
 24460 | D:14     | Reached skill level 15 in Fighting
 24463 | D:14     | Received a gift from Trog
 24505 | D:14     | Found Imomo's Antique Armour Shoppe.
 24510 | D:14     | Bought a shiny plate armour for 858 gold pieces
 24510 | D:14     | Bought a pair of embroidered boots for 247 gold pieces
 24583 | D:14     | Found a runed translucent gate.
 24584 | D:14     | Found a runed translucent gate.
 24585 | D:14     | Noticed Wikhletrio's ghost (journeyman GrBe)
 24591 | D:14     | Found a runed translucent gate.
 24979 | D:14     | Identified the +9 quarterstaff of the Moon {freeze, rF++
                  | Will+++ Int-4 Dex+2}
 25308 | D:14     | Noticed Azrael
 25317 | D:14     | Killed Azrael
 25490 | D:14     | Reached XP level 16. HP: 75/108 MP: 16/16
 25867 | D:14     | Killed Wikhletrio's ghost
 25883 | D:14     | Identified the +9 broad axe of Fate {elec, rC+}
 25957 | D:15     | Entered Level 15 of the Dungeon
 26304 | D:15     | Found a staircase to the Depths.
 26440 | D:15     | Noticed Louise
 26471 | D:15     | Killed Louise
 26494 | D:15     | Reached skill level 19 in Axes
 26513 | D:15     | Received a gift from Trog
 26886 | D:15     | Found a hide-covered altar of Uskayaw.
 27340 | Orc:1    | Entered Level 1 of the Orcish Mines
 27342 | Orc:1    | Noticed Maurice
 27356 | Orc:1    | Maurice stole 9 curare-tipped darts
 27360 | Orc:1    | Killed Maurice
 27476 | Orc:2    | Entered Level 2 of the Orcish Mines
 28461 | Orc:2    | Received a gift from Trog
 28507 | Orc:2    | Found Kuczuk's Antique Armour Boutique.
 28509 | Orc:2    | Reached skill level 20 in Axes
 28521 | Orc:2    | Found Veferghas's Jewellery Boutique.
 28690 | Orc:2    | Found Kaczo's Antique Weapon Boutique.
 29002 | Orc:2    | Found a staircase to the Elven Halls.
 29175 | Orc:2    | Found Tepejy's General Store.
 29315 | Orc:2    | Bought a glowing cloak for 127 gold pieces
 29315 | Orc:2    | Bought an embroidered cloak for 127 gold pieces
 29315 | Orc:2    | Bought a runed helmet for 127 gold pieces
 29772 | Lair:4   | Found a staircase to the Slime Pits.
 29843 | Spider:1 | Entered Level 1 of the Spider Nest
 30165 | Orc:2    | Bought a runed kite shield for 127 gold pieces
 30462 | Spider:1 | Reached skill level 1 in Shields
 30483 | Spider:1 | Received a gift from Trog
 30487 | Spider:1 | Reached skill level 5 in Shields
 30642 | Lair:3   | Reached XP level 17. HP: 115/115 MP: 17/17
 31799 | Spider:2 | Received a gift from Trog
 33344 | Spider:2 | Received a gift from Trog
 33442 | Spider:3 | Found a large runed translucent door.
 33442 | Spider:3 | Found a large runed translucent door.
 34030 | Spider:3 | Identified the +4 ring mail "Qutumex" {Rampage rN+}
 34348 | Spider:4 | Entered Level 4 of the Spider Nest
 34362 | Spider:3 | Reached skill level 15 in Armour
 34702 | Spider:4 | Reached XP level 18. HP: 106/126 MP: 18/18
 35415 | Spider:4 | Received a gift from Trog
 35779 | Spider:4 | Got a gossamer rune of Zot
 36073 | Swamp:1  | Entered Level 1 of the Swamp
 36073 | Swamp:1  | Identified the serpent talisman of Gasm {Will+}
 36073 | Swamp:1  | Noticed Aizul
 36082 | Lair:2   | Killed Aizul
 36152 | Swamp:1  | Identified the +9 spear "Rudelal" {speed, Will++ Int+3}
 36281 | Swamp:1  | Noticed Donald
 36299 | Swamp:1  | Killed Donald
 36644 | Swamp:2  | Reached skill level 21 in Axes
 36656 | Swamp:2  | Received a gift from Trog
 36938 | Swamp:2  | HP: 2/129 [spriggan druid/stone arrow (18)]
 37488 | Swamp:3  | Found a runed translucent gate.
 37488 | Swamp:3  | Found a runed translucent gate.
 37488 | Swamp:3  | Found a runed translucent gate.
 37567 | Swamp:3  | Noticed PanSaczeczos's ghost (adept VSNe)
 38122 | Swamp:4  | Entered Level 4 of the Swamp
 38127 | Swamp:4  | Noticed Mara
 38280 | Swamp:3  | Reached XP level 19. HP: 135/135 MP: 19/19
 38403 | Swamp:4  | Noticed Kenran's illusion
 38578 | Swamp:4  | Noticed Kenran's illusion
 38682 | Swamp:4  | Noticed Kenran's illusion
 38695 | Swamp:4  | Killed Mara
 38798 | Swamp:4  | Received a gift from Trog
 39147 | Swamp:4  | Noticed Nikola
 39164 | Swamp:4  | Killed from afar by Nikola

Illustrated notes

Levels and vault maps discovered:
D:1:      dpeg_arrival_pits, layout_basic, serial_glass, glass_columns_a,
          glass_columns_a, minmay_heptomino_d4
D:2:      layout_loops_ring, hangedman_decor_slide_cut, minmay_liquid_box,
          hangedman_decor_riveting, st_stairs_7, nicolae_figureground_pulse
D:3:      layout_basic, nicolae_overflow_crystal_walls,
          shapermc_ecumenical_altar_mp_vishouse, uniq_sigmund
D:4:      layout_basic, minmay_temple_entry_overgrown, serial_shops,
          nicolae_shop_advertising_works [nicolae_subvault_shop_adworks],
          kennysheep_generic_room_9, uniq_menkaure
D:5:      layout_cave_pools, lightli_sewer_entry_pipes, uniq_edmund
D:6:      layout_gridville, uniq_duvessa
D:7:      layout_cave_pools, minmay_curled_crystal, uniq_maggie, uniq_joseph
D:8:      layout_loops_ring, nicolae_custom_books,
          onia_ninara_dug_in_and_dangerous
D:9:      layout_cave_pods, amcnicky_altar_gilded, minmay_circle_x
D:10:     layout_cave_pools, david_lair_generic, st_stairs_9,
          david_defended_altar_orc
D:11:     layout_rooms, erik_orc_1, uniq_fannar
D:12:     layout_basic, serial_shops, nicolae_shop_crystal
D:13:     layout_long_grid, lightli_vaults_fourway_checkpoint
D:14:     layout_roguey, serial_shops, nicolae_shop_just_a_little_nook,
          gammafunk_ghost_hydra_chop, hangedman_decor_growths, uniq_azrael
D:15:     grunt_enter_depths_giant_problem, layout_basic,
          nicolae_uskayaw_en_pointe, uniq_louise
Lair:1:   layout_roguey, serial_bayou, serial_bayou_pond_a, serial_bayou_pond_e,
          serial_bayou_shore_b, serial_bayou_pond_e
Lair:2:   kb_forest_paths, layout_cave_pods,
          alex1729_swamp_entry_worm_eleionoma, chequers_serial_rivers_room_a,
          nzn_random_ring
Lair:3:   layout_regular_city, spider_nest_entry_web_field,
          portal_ice_cave_rime, serial_rivers, chequers_serial_rivers_small_b,
          chequers_serial_rivers_micro_e, chequers_serial_rivers_micro_e,
          chequers_serial_rivers_marsh, fungi_pond_lemuel,
          minmay_lair_oklob_items, st_stairs_9
Lair:4:   layout_cave_pods, minmay_slime_entry_oklob_open,
          pdpol_lair_neglected_garden, infiniplex_staircase_pool_2
Lair:5:   wormcave, layout_layer_cave, hangedman_lair_tendril_chambers
Swamp:1:  layout_falls_marsh, serial_swamp_ruin, evilmike_swamp_ruin_house_4,
          evilmike_swamp_ruin_house_3, uniq_aizul, uniq_donald
Swamp:2:  layout_basic_swamp, evilmike_swamp_ruin_rubble_2
Swamp:3:  layout_falls_marsh, gammafunk_ghost_split,
          evilmike_swamp_ruin_house_5, swamp_pool_1_2,
          nicolae_swamp_bloodsuckers_inc
Swamp:4:  byrel_swamp_growth_death_and_undeath, layout_basic_swamp,
          nicolae_swamp_drake_lake, uniq_mara, uniq_nikola
Spider:1: layout_spider_delve, nicolae_spider_some_kinda_spiderbox
Spider:2: layout_chambers
Spider:3: layout_spider_delve, spiders_nest_the_unseen
Spider:4: spider_rune_water
Orc:1:    layout_caves, uniq_maurice
Orc:2:    grunt_orc_cross, layout_caves

Skill      XL: |  1  2  3  4  5  6  7  8  9 10 11 12 13 14 15 16 17 18 |
---------------+-------------------------------------------------------+-----
Axes           | 3 4 5 7 8 10 12 14 15 16 18 20 21 | 21.9
Fighting       | 5 6 8 9 10 11 14 15 16 18 20 | 20.0
Armour         | 6 7 10 11 12 13 14 15 16 | 16.0
Evocations     | 3 5 |  5.4
Dodging        | 2 |  2.0
Shields        | 6 |  6.0

Action                     |  1- 3 |  4- 6 |  7- 9 | 10-12 | 13-15 | 16-18 | 19-21 || total
---------------------------+-------+-------+-------+-------+-------+-------+-------++-------
  Melee: Hand axe          |   102 |    92 |   189 |       |       |       |       ||   383
         Punch             |       |       |     6 |    10 |     9 |     1 |       ||    26
         War axe           |       |       |   354 |   600 |       |       |       ||   954
         Broad axe         |       |       |       |    58 |   655 |   922 |    74 ||  1709
         Whip              |       |       |       |       |    21 |       |       ||    21
         Executioner's axe |       |       |       |       |    22 |       |       ||    22
  Throw: Throwing net      |       |       |       |       |     1 |       |       ||     1
 Invoke: Berserk           |     3 |     2 |     4 |     7 |    16 |     7 |       ||    39
         Trog's Hand       |       |       |     1 |       |     1 |     3 |       ||     5
         Brothers in Arms  |       |       |       |       |       |     3 |     1 ||     4
  Evoke: Wand              |       |       |       |     6 |       |     9 |       ||    15
    Use: Potion            |     2 |       |     4 |     1 |       |     3 |       ||    10
         Scroll            |       |       |     2 |    12 |     8 |     4 |       ||    26
   Stab: Distracted        |       |       |       |       |       |     3 |     1 ||     4
 Armour: Animal skin       |    18 |       |       |       |       |       |       ||    18
         Scale mail        |    50 |    62 |       |       |       |       |       ||   112
         Chain mail        |       |     1 |   395 |    29 |       |       |       ||   425
         Swamp dragon scal |       |       |       |   130 |       |       |       ||   130
         Plate armour      |       |       |       |   527 |   918 |  1073 |    71 ||  2589
  Dodge: Dodged            |    53 |    49 |   248 |   290 |   312 |   334 |     9 ||  1295
  Block: Kite shield       |       |       |       |       |       |   393 |    29 ||   422
         Reflection        |       |       |       |       |       |     4 |     1 ||     5
Riposte: War axe           |       |       |       |    58 |       |       |       ||    58
         Broad axe         |       |       |       |     4 |    82 |   171 |    15 ||   272
         Whip              |       |       |       |       |     1 |       |       ||     1
         Executioner's axe |       |       |       |       |     1 |       |       ||     1
